 Dungeon Crawl Stone Soup version 0.21-a0-528-gf531e82 (webtiles) character file.

81 slep the Skirmisher (level 4, 0/36 HPs)
             Began as a Demonspawn Fighter on Dec 9, 2017.
             Succumbed to an adder's poison
             ... on level 3 of the Dungeon.
             The game lasted 00:04:26 (1783 turns).

slep the Skirmisher (Demonspawn Fighter)            Turns: 1783, Time: 00:04:27

Health: 0/36       AC:  8    Str: 17    XL:     4   Next: 19%
Magic:  4/4        EV:  7    Int:  9    God:
Gold:   64         SH:  9    Dex: 13    Spells: 3/3 levels left

rFire    + . .     SeeInvis .   i - +0 whip
rCold    x . .     Gourm    .   c - +0 shield
rNeg     . . .     Faith    .   b - +0 scale mail
rPois    +         Spirit   .   m - +0 helmet
rElec    .         Reflect  .   (no cloak)
rCorr    .         Harm     .   (no gloves)
MR       .....                  (no boots)
Stlth    ..........             (no amulet)
HPRegen  0.12/turn              q - ring of poison resistance
MPRegen  0.09/turn              n - ring of fire

@: lethally poisoned (0 -> -8)
A: demonic guardian 1
a: no special abilities


You were on level 3 of the Dungeon.
You were not hungry.

You visited 1 branch of the dungeon, and saw 3 of its levels.

You collected 64 gold pieces.

Inventory:

Hand Weapons
 a - a +0 rapier
 i - a +0 whip (weapon)
Armour
 b - a +0 scale mail (worn)
 c - a +0 shield (worn)
 m - a +0 helmet (worn)
Jewellery
 e - an uncursed ring of magical power
 l - an uncursed ring of flight
 n - a ring of fire (right hand)
 q - a ring of poison resistance (left hand)
Scrolls
 h - a scroll of enchant armour {unknown}
 j - a scroll of immolation {unknown}
 o - a scroll of teleportation {unknown}
 p - 2 scrolls of magic mapping {unknown}
 t - 3 scrolls of identify {unknown}
Potions
 d - 4 potions of might
 g - a potion of mutation {unknown}
 s - a potion of degeneration {unknown}
 u - a potion of curing {unknown}
Comestibles
 f - a bread ration
 k - a meat ration
 r - a royal jelly
 v - 4 chunks of flesh


   Skills:
 + Level 3.6 Fighting
 + Level 1.9 Short Blades
 + Level 1.3 Maces & Flails
 + Level 3.2 Armour
 + Level 0.4 Dodging
 + Level 3.1 Shields


You had 3 spell levels left.
You didn't know any spells.

Dungeon Overview and Level Annotations

Branches:
Dungeon (3/15)

Altars:
Cheibriados
Nemelex Xobeh
Sif Muna


Innate Abilities, Weirdness & Mutations

A weak demonic guardian rushes to your aid.


Message History

The adder poisons you!
You hit the adder.
You kill the adder!
* * * LOW HITPOINT WARNING * * *
You feel sick. The bat hits you but does no damage.
You hit the bat.
You kill the bat!
* * * LOW HITPOINT WARNING * * *
You feel sick.
You hit the hobgoblin.
You kill the hobgoblin!
* * * LOW HITPOINT WARNING * * *
You feel sick.
* * * LOW HITPOINT WARNING * * *
You feel sick. The rat bites you.
* * * LOW HITPOINT WARNING * * *
Things that are here:
a hobgoblin corpse; an adder corpse You closely miss the rat.
You die...

##### ...... ######
######################
................@r...#
####################.##
.........# ...#####.#
#.# #.. #..# #... #.#.#


You could see a rat.

Vanquished Creatures
  4 adders
  An ooze (D:2)
  A leopard gecko (D:1)
  4 orcs (D:3)
  2 hobgoblins
  3 jackals (D:1)
  2 ball pythons
  4 bats
  6 frilled lizards
  5 goblins
  5 kobolds
  4 rats
41 creatures vanquished.

Notes
Turn   | Place    | Note
-------+----------+-------------------------------------------
     0 | D:1      | slep the Demonspawn Fighter began the quest for the Orb.
     0 | D:1      | Reached XP level 1. HP: 18/18 MP: 1/1
   207 | D:1      | Gained mutation: A weak demonic guardian rushes to your aid. [demonic ancestry]
   207 | D:1      | Reached XP level 2. HP: 16/24 MP: 2/2
   418 | D:2      | Found a snail-covered altar of Cheibriados.
   735 | D:2      | Found a sparkling altar of Nemelex Xobeh.
   946 | D:2      | Reached XP level 3. HP: 29/29 MP: 3/3
  1448 | D:2      | Found a deep blue altar of Sif Muna.
  1674 | D:3      | Reached skill level 1 in Maces & Flails
  1697 | D:3      | Reached XP level 4. HP: 11/35 MP: 4/4
  1782 | D:3      | HP: 1/36 [rat (1)]
  1783 | D:3      | Succumbed to an adder's poison

Vault maps used:
D:1:      minmay_arrival_wavy_path
D:2:      marbit_many_paths, lemuel_round_altar, lemuel_crystal_altar
D:3:      makhleb_blood_cavern_becter

Skill      XL: |  1  2  3 |
---------------+----------+-----
Shields        | 3 |  3.1
Armour         | 3 |  3.2
Maces & Flails | 1 |  1.3
Fighting       | |  3.6
Short Blades   | |  1.9
Dodging        | |  0.4

Action                   |  1- 3 |  4- 6 || total
-------------------------+-------+-------++-------
Melee: Rapier            |    19 |       ||    19
       Whip              |   153 |    15 ||   168
  Eat: Chunk             |     3 |       ||     3
Armor: Scale mail        |   100 |    11 ||   111
Dodge: Dodged            |    67 |       ||    67
Block: Shield            |    88 |     6 ||    94

Table legend:
 A = Spawn XP
 B = Non-spawn XP
 C = Spawn XP percentage of total XP
 D = Spawn monster count
 E = Non-spawn monster count
 F = Spawn count percentage of total count
 G = Total turns spent on level
                    A         B        C        D         E        F      G
               +---------+---------+-------+---------+---------+-------+---------
         Total |       0 |     116 |   0.0 |       0 |      41 |   0.0 |  1783
               +---------+---------+-------+---------+---------+-------+---------
           D:1 |       0 |      21 |   0.0 |       0 |      14 |   0.0 |   400
           D:2 |       0 |      35 |   0.0 |       0 |      14 |   0.0 |  1176
           D:3 |       0 |      60 |   0.0 |       0 |      13 |   0.0 |   207
               +---------+---------+-------+---------+---------+-------+---------
